 Dungeon Crawl Stone Soup version 0.28.0-53-g5a82cb258f (webtiles) character file.

Game seed: 2516365754831006597

137 Peloso the Covered (level 5, 0/47 HPs)
             Began as a Minotaur Fighter on May 29, 2022.
             Slain by an orc
             ... wielding a +4 mace of venom
              (9 damage)
             ... on level 3 of the Dungeon.
             The game lasted 00:02:42 (2147 turns).

Peloso the Covered (Minotaur Fighter)               Turns: 2147, Time: 00:02:42

Health: 0/47       AC:  9    Str: 20    XL:     5   Next: 0%
Magic:  4/4        EV:  7    Int:  5    God:
Gold:   93         SH:  5    Dex: 12    Spells: 4/4 levels left

rFire   . . .      SeeInvis .   a - +0 long sword
rCold   . . .      Faith    .   c - +0 buckler
rNeg    . . .      Spirit   .   g - +0 chain mail
rPois   .          Reflect  .   (helmet restricted)
rElec   .          Harm     .   (no cloak)
rCorr   .          Rampage  .   (no gloves)
Will    .....                   (no boots)
Stlth   ..........              (no amulet)
HPRegen 0.15/turn               (no ring)
MPRegen 0.09/turn               (no ring)

@: lethally poisoned (0 -> -16)
A: horns 2, retaliatory headbutt
a: no special abilities


You were on level 3 of the Dungeon.
You visited 1 branch of the dungeon, and saw 3 of its levels.

You collected 93 gold pieces.

Inventory:

Hand Weapons
 a - a +0 long sword (weapon)
Armour
 b - a +0 scale mail
 c - a +0 buckler (worn)
 g - a +0 chain mail (worn)
Potions
 d - a potion of might


   Skills:
 + Level 4.4 Fighting
 + Level 3.7 Long Blades
 + Level 5.2 Armour
 + Level 0.4 Dodging
 + Level 4.1 Shields


You had 4 spell levels left.
You didn't know any spells.
Your spell library contained the following spells:

 Spells                   Type           Power      Damage    Failure   Level
 Static Discharge         Conj/Air       0%         N/A       100%        2
 Dispel Undead            Necr           0%         3d6       100%        4
 Leda's Liquefaction      Hex/Erth       0%         N/A       100%        4
 Sticky Flame             Conj/Fire      0%         2d3       100%        4
 Lee's Rapid Deconstruct  Erth           0%         3d5*      100%        5
 Statue Form              Tmut/Erth      0%         N/A       100%        6


Dungeon Overview and Level Annotations

Branches:
Dungeon (3/15)

Altars:

Shops:
D:1 =


Innate Abilities, Weirdness & Mutations

You have a pair of horns on your head.
You reflexively headbutt those who attack you in melee.


Message History

You kill the bat!
Found a ring mail.
A hound comes into view.
The hound barks!
A hound is nearby!
The hound bites you but does no damage.
You slash the hound!
The hound is severely wounded.
The hound bites you but does no damage. x2
You barely miss the hound. You headbutt the hound.
You kill the hound!
You have reached level 5!
An orc comes into view.
It is wielding a +4 mace of venom and wearing a +0 chain mail of fire resistance.
You see here a hound corpse.
An orc is nearby!
An orc is nearby!
You hit the orc but do no damage. Your headbutt misses the orc.
The orc hits you with a +4 mace of venom!
You are poisoned.
The orc hits you with a +4 mace of venom.
You are more poisoned.
You hit the orc but do no damage.
You feel extremely sick. You block the orc's attack.
You barely miss the orc.
You feel very sick.
The orc hits you with a +4 mace of venom.
You are lethally poisoned!
You hit the orc but do no damage.
You feel very sick.
The orc hits you with a +4 mace of venom.
* * * LOW HITPOINT WARNING * * *
The orc hits you but does no damage.
You are more poisoned.
You hit the orc.
The orc is moderately wounded.
* * * LOW HITPOINT WARNING * * *
You feel very sick.
The orc hits you with a +4 mace of venom!
You die...

######### ##........ ###
##......... +.# ##...o...... #.#
#[..@# #.# #..†## #.# ######
#....##############.# #....#
##................#.. #.##.#
##...............'..
#.##.##########............†.#..
#.##..........################.#
##.##..########.##
##.####.####.# .......#
##.###[...##..)...#


You could see an orc.

Vanquished Creatures
  A hound (D:3)
  Terence (D:3)
  3 adders (D:2)
  5 dart slugs
  An orc (D:2)
  7 bats
  2 endoplasms (D:1)
  2 giant cockroaches
  A goblin (D:3)
  3 hobgoblins
  2 kobolds (D:1)
  5 quokkas
  6 ball pythons
  3 frilled lizards
  3 rats
45 creatures vanquished.

Notes
Turn   | Place    | Note
-------+----------+-------------------------------------------
     0 | D:1      | Peloso the Minotaur Fighter began the quest for the Orb.
     0 | D:1      | Reached XP level 1. HP: 19/19 MP: 0/0
   190 | D:1      | Reached XP level 2. HP: 23/27 MP: 1/1
   358 | D:1      | Found Abbimy's Jewellery Shop.
   631 | D:1      | Reached skill level 4 in Armour
   861 | D:2      | Reached XP level 3. HP: 14/33 MP: 2/2
  1489 | D:2      | Reached XP level 4. HP: 39/41 MP: 3/3
  1617 | D:2      | Found a faded altar of an unknown god.
  1844 | D:3      | Reached skill level 5 in Armour
  1996 | D:3      | Noticed Terence
  2002 | D:3      | Killed Terence
  2141 | D:3      | Reached XP level 5. HP: 47/47 MP: 4/4
  2147 | D:3      | Slain by an orc

Illustrated notes

Levels and vault maps discovered:
D:1:      psy_arrival_radial01, layout_basic, serial_shops, nicolae_diamond_shop
D:2:      layout_loops_ring, basic_ecumenical_altar
D:3:      layout_loops_ring, nrook_uturn, uniq_terence

Skill      XL: |  1  2  3  4 |
---------------+-------------+-----
Fighting       | 4 |  4.4
Armour         | 4 5 |  5.2
Shields        | 4 |  4.1
Long Blades    | 3 |  3.7
Dodging        | |  0.4

Action                   |  1- 3 |  4- 6 || total
-------------------------+-------+-------++-------
Melee: Long sword        |    63 |    25 ||    88
       Headbutt          |     9 |     5 ||    14
  Use: Potion            |     2 |       ||     2
       Scroll            |     1 |     2 ||     3
Armor: Scale mail        |    28 |       ||    28
       Chain mail        |       |    16 ||    16
Dodge: Dodged            |    26 |    10 ||    36
Block: Buckler           |    15 |     8 ||    23
